 Seeded DCSS version 0.27-a0-412-g8dd771eca2 (webtiles) character file.

Game seed: 2684743847118808705 (custom seed)

136449 delverdan the Spry (level 17, -13/119 HPs)
             Began as an Octopode Artificer on Feb 22, 2021.
             Was an Initiate of Gozag.
             Mangled by an Ice Fiend (17 damage)
             ... in an ice cave on Feb 23, 2021.
             The game lasted 01:40:41 (35624 turns).

delverdan the Spry (Octopode Artificer)            Turns: 35624, Time: 01:40:48

Health: -13/119    AC:  7    Str: 13    XL:     17   Next: 21%
Magic:  23/30      EV: 44    Int: 28    God:    Gozag
Gold:   802        SH: 14    Dex: 26    Spells: 28/35 levels left

rFire    + . .     SeeInvis .   G - +7 dagger "Xyvof" {drain, Will++}
rCold    + + .     Faith    .   D - +2 buckler {reflect}
rNeg     . . .     Spirit   .   N - +2 hat
rPois    .         Reflect  +   P - amulet of reflection
rElec    +         Harm     .   i - +4 ring of slaying
rCorr    .         Rampage  .   w - +4 ring of slaying
Will     ++++.                  y - ring "Gejebrergh" {+Inv +Fly EV+4 Dex+3}
Stlth    ++++++++..             I - +4 ring of evasion
HPRegen  0.29/turn              M - +6 ring of dexterity
MPRegen  0.22/turn              H - ring of Geoprar {rElec Will+ Str+6 Int+2}
                                W - ring "Varyulon" {rF+ rC++ Str-4 Int+6 Dex+4}
                                U - +4 ring of protection

@: mighty, very slightly contaminated, studying 2 skills, invisible
A: almost no armour, stealthy swim, amphibious, 8 rings, constrict 8, camouflage
1, gelatinous body 1
a: Renounce Religion, Evoke Invisibility, Evoke Flight, Potion Petition, Call
Merchant, Bribe Branch


You were in an ice cave.
You worshipped Gozag.
Gozag was pleased with you.
You visited 5 branches of the dungeon, and saw 26 of its levels.
You also visited: Bailey and Ice Cave.

You collected 10222 gold pieces.
You spent 6743 gold pieces at shops.
You paid 2677 gold pieces to Gozag.

Inventory:

Hand Weapons
 G - the +7 dagger "Xyvof" (weapon) {drain, Will++}
   (You took it off a centaur warrior on level 15 of the Dungeon)

   A truly terrible weapon, it drains the life of those it strikes.
   It affects your willpower, your defense against some magical effects.
 Y - the +5 hand crossbow of the Slime-mould {venom, rC+ Will+ MP-9 Int+3}
   (You found it on level 1 of the Shoals)

   It poisons the ammo it fires.
   It affects your intelligence (+3).
   It protects you from cold.
   It affects your willpower, your defense against some magical effects.
   It affects your magic capacity (-9).
Missiles
 q - 5 atropa-tipped darts
 Z - 5 curare-tipped darts
Armour
 r - a +0 kite shield
 D - a +2 buckler of reflection (worn)
 N - a +2 hat (worn)
Jewellery
 i - a +4 ring of slaying (left tentacle)
 w - a +4 ring of slaying (right tentacle)
 y - the ring "Gejebrergh" (on tentacle) {+Inv +Fly EV+4 Dex+3}
   (You bought it in a shop on level 4 of the Dungeon)

   [ring of evasion]

   It affects your evasion (+4).
   It affects your dexterity (+3).
   It lets you turn invisible.
   It lets you fly.
 H - the ring of Geoprar (on tentacle) {rElec Will+ Str+6 Int+2}
   (You bought it in a shop on level 2 of the Orcish Mines)

   [ring of strength]

   It affects your strength (+6).
   It affects your intelligence (+2).
   It insulates you from electricity.
   It affects your willpower, your defense against some magical effects.
 I - a +4 ring of evasion (on tentacle)
 M - a +6 ring of dexterity (on tentacle)
 O - a ring of see invisible
 P - an amulet of reflection (around mantle)
 U - a +4 ring of protection (on tentacle)
 W - the ring "Varyulon" (on tentacle) {rF+ rC++ Str-4 Int+6 Dex+4}
   (You bought it in a shop on level 4 of the Dungeon)

   [ring of intelligence]

   It affects your strength (-4).
   It affects your intelligence (+6).
   It affects your dexterity (+4).
   It protects you from fire.
   It greatly protects you from cold.
Wands
 b - a wand of flame (19) (quivered)
 c - a wand of charming (20)
 v - a wand of polymorph (20)
 E - a wand of iceblast (47)
 J - a wand of paralysis (11)
 L - a wand of digging (8)
 X - a wand of acid (9)
Scrolls
 d - a scroll of fog
 e - a scroll of holy word
 f - 2 scrolls of enchant weapon
 g - 2 scrolls of fear
 j - 4 scrolls of enchant armour
 m - a scroll of blinking
 n - a scroll of silence
 t - 7 scrolls of teleportation
 u - 5 scrolls of identify
 x - 4 scrolls of immolation
 C - 2 scrolls of summoning
 R - a scroll of amnesia
 V - a scroll of torment
Potions
 a - 2 potions of ambrosia
 h - a potion of heal wounds
 l - 17 potions of curing
 o - 5 potions of berserk rage
 p - 12 potions of magic
 s - a potion of cancellation
 z - 4 potions of lignification
 A - 8 potions of mutation
 B - a potion of brilliance
 F - 6 potions of might
 Q - a potion of resistance
 S - 2 potions of attraction
Miscellaneous
 K - a phantom mirror (inert)
 T - a phial of floods


   Skills:
 - Level 12.0 Fighting
 - Level 10.0 Short Blades
 - Level 18.6 Dodging
 - Level 17.1 Stealth
 - Level 4.2 Shields
 + Level 9.9 Spellcasting
 + Level 5.6 Translocations
 - Level 3.2 Evocations


You had 28 spell levels left.
You knew the following spells:

 Your Spells              Type           Power        Failure   Level
a - Manifold Assault      Tloc           45%          4%          4
b - Apportation           Tloc           90%          1%          1
c - Blink                 Tloc           N/A          1%          2

Your spell library contained the following spells:

 Spells                   Type           Power        Failure   Level
 Gell's Gravitas          Tloc           22%          1%          3
 Lesser Beckoning         Tloc           22%          1%          3
 Teleport Other           Tloc           45%          1%          3
 Beastly Appendage        Tmut           26%          4%          1
 Magic Dart               Conj           52%          4%          1
 Shock                    Conj/Air       52%          4%          1
 Sting                    Tmut/Pois      52%          4%          1
 Corpse Rot               Necr/Air       N/A          6%          2
 Poisonous Vapours        Pois/Air       26%          6%          2
 Searing Ray              Conj           26%          6%          2
 Sublimation of Blood     Necr           6%           6%          2
 Swiftness                Air            13%          6%          2
 Wereblood                Tmut           13%          6%          2
 Conjure Flame            Conj/Fire      13%          12%         3
 Dazzling Flash           Conj/Hex       26%          12%         3
 Ignite Poison            Fire/Tmut/Pois 13%          12%         3
 Mephitic Cloud           Conj/Pois/Air  13%          12%         3
 Spider Form              Tmut/Pois      6%           12%         3
 Static Discharge         Conj/Air       13%          12%         3
 Iskenderun's Mystic Bla  Conj/Tloc      29%          13%         4
 Airstrike                Air            6%           38%         4
 Animate Dead             Necr           6%           38%         4
 Dispel Undead            Necr           13%          38%         4
 Fulminant Prism          Conj/Hex       6%           38%         4
 Hailstorm                Conj/Ice       13%          38%         4
 Ice Form                 Ice/Tmut       13%          38%         4
 Olgreb's Toxic Radiance  Pois           13%          38%         4
 Agony                    Necr           13%          75%         5
 Blade Hands              Tmut           6%           75%         5
 Excruciating Wounds      Necr           6%           75%         5
 Fireball                 Conj/Fire      6%           75%         5
 Lightning Bolt           Conj/Air       6%           75%         5
 Metabolic Englaciation   Hex/Ice        6%           75%         5
 Conjure Ball Lightning   Conj/Air       6%           99%         6
 Freezing Cloud           Conj/Ice/Air   6%           99%         6
 Simulacrum               Ice/Necr       6%           99%         6
 Ozocubu's Refrigeration  Ice            6%           100%        7


Dungeon Overview and Level Annotations

Branches:
Dungeon (15/15)            Temple (1/1) D:5            Lair (6/6) D:10
 Shoals (2/4) Lair:3        Snake (0/4) Lair:4        Slime (0/5) Lair:5
    Orc (2/2) D:12            Elf (0/3) Orc:2        Vaults (0/5) D:14
 Depths (0/5) D:15         Bailey (visited)           IceCv (1/1)

Altars:
Ashenzari
Cheibriados
Dithmenos
Elyvilon
Fedhas
Gozag
Hepliaklqana
Kikubaaqudgha
Makhleb
Nemelex Xobeh
Okawaru
Qazlal
Ru
Sif Muna
Trog
Uskayaw
Vehumet
Wu Jian
Xom
Yredelemnul
Zin
The Shining One
Beogh

Shops:
D:4 =   Temple ::(   Orc:2 ([?=   Shoals:2 (

Annotations:
D:10 1 runed translucent door
D:13 4 runed translucent doors, Duih's ghost, journeyman DsIE


Innate Abilities, Weirdness & Mutations

You cannot wear most types of armour.
You are very stealthy in the water. (Stealth+)
You are amphibious.
You can wear up to eight rings at the same time.
You can use your tentacles to constrict eight enemies at once.
Your skin changes colour to match your surroundings (Stealth+).
Your rubbery body absorbs attacks. (AC +1, EV +1)


Message History

Your white imp barely misses the Ice Fiend.
You fade into invisibility!
Your ufetubus hits the Ice Fiend but does no damage. x2
The Ice Fiend completely misses you. x2
Your ufetubus hits the Ice Fiend but does no damage. x2
The Ice Fiend completely misses you. The Ice Fiend claws you.
The Ice Fiend freezes you! You resist.
* * * LOW HITPOINT WARNING * * *
Your white imp completely misses the Ice Fiend.
Your white imp is engulfed in freezing vapours.
Your white imp hits the Ice Fiend but does no damage.
You are very lightly contaminated with residual magic.
You feel much better. You resist. You block the Ice Fiend's attack. x2
Your ufetubus barely misses the Ice Fiend. x2
The Ice Fiend completely misses you. The Ice Fiend misses you.
Your white imp hits the Ice Fiend but does no damage.
Your white imp is engulfed in freezing vapours.
Your white imp barely misses the Ice Fiend.
Unknown command.
Okay, then.
You feel very mighty all of a sudden. You resist.
Your ufetubus hits the Ice Fiend but does no damage.
Your ufetubus closely misses the Ice Fiend.
The Ice Fiend gestures at you. The bolt of cold misses you.
Your ufetubus barely misses the Ice Fiend. x2
The Ice Fiend calls on the powers of darkness!
Your body is wracked with pain!
* * * LOW HITPOINT WARNING * * *
Your white imp hits the Ice Fiend but does no damage.
Your white imp is engulfed in freezing vapours.
Your white imp hits the Ice Fiend but does no damage.
You block the Ice Fiend's attack. x2; Your ufetubus hits the Ice Fiend.
Your ufetubus hits the Ice Fiend but does no damage.
You block the Ice Fiend's attack. The Ice Fiend claws you!
* * * LOW HITPOINT WARNING * * *
The Ice Fiend freezes you! You resist.
You die...
Your body crumbles into a pile of gold.

## ##### .## ##$|$ ..##
.... ...# ###.### ...#
###..1@.### ..##
##.##51§...## .##
#.°.°55#§§§§§#### .##
#####°..§#§§§§§#.§### ..#
##...###§§#§§###°○§§§##
..#
##....§§○§§#§§§..°§○§§○##
.##
#.....§##§..§§§##§§.§§○.#
##
#....###§§§§○§##.○§§§§.#
# #...§#☼○§§§.§§#.§§..§.#


You could see 2 Ice Fiends, 2 friendly white imps and a friendly ufetubus
(summoned).

Vanquished Creatures
  Saint Roka (Orc:2)
  Jorgrun (D:12)
  The ghost of Xavori the Covert, an adept OpCK of Xom (Shoals:1)
  A lich (D:10)
  Gastronok (D:10)
  Nessos (Lair:6)
  The ghost of Tynuabry the Destroyer, a journeyman DECj of Vehumet (Lair:5)
  Snorg (D:10)
  An ettin (Orc:1)
  A merfolk javelineer (Shoals:2)
  Fannar (D:10)
  11 hydras
  Harold (D:7)
  An ice dragon (D:8)
  2 boulder beetles
  4 merfolk avatars
  Erica (D:8)
  A catoblepas (Lair:2)
  2 ogre magi
  2 death knights
  4 centaur warriors
  9 death yaks
  An orc high priest (Orc:2)
  9 two-headed ogres
  4 tengu warriors
  Urug (D:10)
  A skeletal warrior (D:10)
  An unseen horror (D:12)
  4 sea snakes
  3 harpies (Shoals:2)
  The ghost of tinescath the Thaumaturge, a novice DEFE of Cheibriados (D:10)
  A phantasmal warrior (D:15)
  An orc knight (D:15)
  A wizard (D:11)
  A necromancer (D:10)
  6 deep elf pyromancers
  3 cyclopes
  7 ugly things
  2 orc sorcerers (Orc:2)
  4 fauns (Shoals:1)
  2 wolf spiders
  3 manticores
  2 merfolk sirens
  8 elephants
  7 black mambas
  2 ice statues (IceCv)
  A water nymph (Shoals:1)
  Joseph (D:7)
  4 gargoyles
  26 cane toads
  2 rime drakes (Lair:4)
  2 freezing wraiths
  2 tengu conjurers
  An efreet (D:13)
  2 kobold demonologists
  5 komodo dragons
  11 ice devils (IceCv)
  18 merfolk
  4 tyrant leeches (Lair:6)
  6 trolls
  A snapping turtle (Shoals:2)
  17 blink frogs (Lair:6)
  A troll (shapeshifter) (D:15)
  4 hornets
  A polar bear (Lair:2)
  9 slime creatures
  3 water elementals (Shoals:1)
  A spriggan (shapeshifter) (D:15)
  4 shadows
  62 yaks
  A human (shapeshifter) (D:15)
  2 vampires
  5 wraiths
  4 wyverns
  2 steam dragons
  2 basilisks
  9 vampire mosquitoes
  3 wargs
  2 nagas (Lair:4)
  Menkaure (D:7)
  Edmund (D:5)
  A soldier ant (D:14)
  2 acid dragons
  8 water moccasins
  A meliai simulacrum (D:13)
  14 ogres
  43 orc warriors
  6 sky beasts
  3 black bears
  4 eyes of draining
  5 ice beasts
  3 necrophages
  5 wolves (Lair:4)
  3 boggarts (D:15)
  3 phantoms
  11 centaurs
  2 kobold brigands
  30 bullfrogs
  A gnoll sergeant (D:10)
  A water moccasin zombie (D:5)
  9 scorpions
  17 killer bees
  5 howler monkeys
  4 wights (D:6)
  5 centaur zombies
  5 electric eels
  2 bullfrog zombies
  10 hounds
  4 quasits
  2 bullfrog skeletons
  32 orc priests
  8 jellies
  5 centaur skeletons
  2 iguanas
  34 orc wizards
  16 worker ants
  A hound skeleton (D:8)
  A worker ant zombie (D:10)
  Robin (D:4)
  29 gnolls
  21 adders
  A shadow imp (D:8)
  7 white imps
  14 ufetubi
  An adder zombie (D:9)
  3 worms
  A dart slug (D:3)
  6 leopard geckos
  141 orcs
  A ball python (D:4)
  5 giant cockroaches
  13 goblins
  23 hobgoblins
  3 jackals (D:9)
  29 kobolds
  6 quokkas
  6 bats
  6 frilled lizards
  2 jackal skeletons (D:6)
  A jackal zombie (D:6)
  A quokka skeleton (D:4)
  8 rats
  A fire vortex (D:14)
982 creatures vanquished.

Vanquished Creatures (others)
  2 dancing weapons (D:14)
  2 white imps (IceCv)
  28 fungi
  80 plants
112 creatures vanquished.

Grand Total: 1094 creatures vanquished

Notes
Turn   | Place    | Note
-------+----------+-------------------------------------------
     0 | D:1      | delverdan the Octopode Artificer began the quest for the
                  | Orb.
     0 | D:1      | Reached XP level 1. HP: 13/13 MP: 1/1
    96 | D:1      | Reached XP level 2. HP: 13/18 MP: 2/2
  1042 | D:2      | Reached skill level 3 in Dodging
  1042 | D:2      | Reached XP level 3. HP: 23/23 MP: 3/3
  1272 | D:2      | Noticed a bullfrog
  1276 | D:2      | Killed a bullfrog
  1277 | D:2      | Reached skill level 4 in Dodging
  1277 | D:2      | Reached XP level 4. HP: 28/28 MP: 4/4
  1373 | D:2      | Reached XP level 5. HP: 31/33 MP: 5/5
  1466 | D:2      | Found a stormy altar of Qazlal.
  1987 | D:2      | Found a hazy altar of Hepliaklqana.
  2150 | D:3      | Reached skill level 5 in Dodging
  2761 | D:3      | Reached skill level 5 in Stealth
  2794 | D:3      | You fall into a shaft and drop 3 floors!
  2821 | D:5      | Entered Level 5 of the Dungeon
  2821 | D:5      | Noticed a necrophage
  2834 | D:6      | Reached XP level 6. HP: 39/39 MP: 6/6
  2858 | D:6      | Found a shimmering blue altar of Sif Muna.
  3075 | D:5      | Found a burning altar of Makhleb.
  3100 | D:5      | Noticed Edmund
  3535 | D:5      | Found a staircase to the Ecumenical Temple.
  3551 | Temple   | Entered the Ecumenical Temple
  3579 | Temple   | Became a worshipper of Gozag Ym Sagoz the Greedy
  3754 | D:4      | Found Makeodic's Jewellery Shoppe.
  3758 | D:4      | Noticed Robin
  3777 | D:4      | Killed Robin
  3778 | D:4      | Reached XP level 7. HP: 41/48 MP: 7/7
  4251 | D:3      | Reached skill level 5 in Fighting
  5019 | D:5      | Killed Edmund
  5020 | D:5      | Reached XP level 8. HP: 33/55 MP: 8/8
  5324 | D:5      | Reached skill level 5 in Short Blades
  5866 | D:6      | Reached skill level 6 in Dodging
  6302 | D:4      | Bought the ring "Gejebrergh" {+Inv +Fly EV+4 Dex+3} for 642
                  | gold pieces
  6485 | D:7      | Noticed Harold
  6498 | D:7      | Killed Harold
  6499 | D:7      | Reached skill level 8 in Dodging
  6499 | D:7      | Reached XP level 9. HP: 48/61 MP: 9/9
  6667 | D:7      | Noticed Menkaure
  6670 | D:7      | Killed Menkaure
  6671 | D:7      | Reached skill level 9 in Dodging
  7034 | D:7      | Found a hazy altar of Hepliaklqana.
  7372 | D:7      | Noticed Joseph
  7378 | D:7      | Killed Joseph
  7379 | D:7      | Reached skill level 10 in Dodging
  7690 | D:8      | Found a bloodstained altar of Trog.
  7784 | D:8      | Reached XP level 10. HP: 66/66 MP: 10/10
  7823 | D:8      | Reached skill level 11 in Dodging
  7849 | D:8      | Identified the +4 falchion "Kenwa" {venom, Int+4}
  7849 | D:8      | Noticed a centaur warrior
  8078 | D:8      | Noticed a deep elf pyromancer
  8179 | D:8      | Noticed a cyan ugly thing
  8215 | D:8      | Killed a cyan ugly thing
  8324 | D:8      | Noticed a cyan ugly thing
  8333 | D:8      | Killed a cyan ugly thing
  8542 | D:8      | Killed a deep elf pyromancer
  8543 | D:8      | Reached skill level 12 in Dodging
  8566 | D:8      | Noticed Erica
  8582 | D:8      | Killed Erica
  8817 | D:8      | Noticed a two-headed ogre
  8825 | D:8      | Killed a two-headed ogre
  8826 | D:8      | Reached skill level 10 in Stealth
  8826 | D:8      | Reached XP level 11. HP: 71/71 MP: 11/11
  8842 | D:8      | Killed a centaur warrior
  9179 | D:8      | Noticed an ice dragon
  9256 | D:8      | Killed an ice dragon
  9870 | D:4      | Bought a +4 ring of evasion for 396 gold pieces
 10140 | D:8      | Noticed a centaur warrior
 10150 | D:8      | Killed a centaur warrior
 10541 | D:9      | Noticed a two-headed ogre
 10558 | D:9      | Killed a two-headed ogre
 10683 | D:9      | Found a sacrificial altar of Ru.
 10683 | D:9      | Found an iron altar of Okawaru.
 10777 | D:9      | Noticed a two-headed ogre
 10801 | D:9      | Killed a two-headed ogre
 11571 | D:4      | Bought a +6 ring of dexterity for 643 gold pieces
 11649 | D:10     | Entered Level 10 of the Dungeon
 11649 | D:10     | Noticed Gastronok
 11663 | D:10     | Killed Gastronok
 11664 | D:10     | Reached XP level 12. HP: 53/85 MP: 12/12
 11676 | D:10     | Identified a scroll of acquirement
 11745 | D:10     | Acquired a +2 buckler of reflection
 11936 | D:10     | Noticed Urug
 11943 | D:10     | Killed Urug
 11944 | D:10     | Reached skill level 1 in Shields
 11984 | D:10     | Found a runed translucent door.
 11989 | D:10     | Noticed an ogre mage
 12069 | D:10     | Found a staircase to the Lair.
 12151 | D:10     | Noticed Snorg
 12156 | D:10     | Reached skill level 10 in Short Blades
 12177 | D:10     | Killed Snorg
 12460 | D:10     | Noticed Fannar
 12463 | D:10     | Killed Fannar
 12464 | D:10     | Reached skill level 1 in Spellcasting
 12884 | D:10     | Found a runed translucent door.
 12890 | D:10     | Noticed a lich
 12891 | D:10     | Noticed tinescath's ghost (novice DEFE)
 13569 | D:11     | Reached skill level 10 in Fighting
 14357 | D:11     | Reached XP level 13. HP: 95/95 MP: 16/16
 14798 | D:4      | Bought the ring of Sonaocoe {Fire rN+ MP+9 Slay+3} for 744
                  | gold pieces
 15167 | D:12     | Found a shimmering blue altar of Sif Muna.
 15241 | D:12     | Noticed Jorgrun
 15250 | D:12     | Killed Jorgrun
 15667 | D:12     | Found a staircase to the Orcish Mines.
 15780 | D:12     | Reached skill level 13 in Dodging
 16270 | D:13     | Reached skill level 14 in Dodging
 16479 | D:13     | Found a runed translucent door.
 16479 | D:13     | Found a shimmering altar of Xom.
 16479 | D:13     | Noticed Duih's ghost (journeyman DsIE)
 16575 | D:13     | Found a runed translucent door.
 16577 | D:13     | Found a runed translucent door.
 16619 | D:13     | Paralysed by something for 2 turns
 16624 | D:13     | Reached skill level 15 in Dodging
 16624 | D:13     | Reached XP level 14. HP: 86/103 MP: 17/17
 17516 | D:13     | Found a runed translucent door.
 18080 | D:10     | Killed a lich
 18091 | D:10     | Killed tinescath's ghost
 18092 | D:10     | Reached skill level 16 in Dodging
 18244 | D:10     | HP: 5/103 [poisoned by a wolf spider]
 18250 | D:10     | HP: 4/103 [poisoned by a wolf spider]
 18255 | D:10     | HP: 3/103 [poisoned by a wolf spider]
 18263 | D:10     | HP: 4/103 [poisoned by a wolf spider]
 18663 | D:10     | Got a polished hunting sling
 19141 | D:14     | Found a flagged portal.
 19264 | Bailey   | Entered a bailey
 19625 | D:14     | Acquired a ring of see invisible
 19631 | D:14     | Identified the +3 hunting sling of Winter {vorpal, Str+7
                  | Int-4 Dex+3 Stlth+} (You found it on level 10 of the
                  | Dungeon)
 19716 | D:14     | Found a gate to the Vaults.
 19881 | D:14     | Reached skill level 17 in Dodging
 21088 | D:15     | Entered Level 15 of the Dungeon
 21134 | D:15     | Found a sacrificial altar of Ru.
 21602 | D:15     | Identified the +7 dagger "Xyvof" {drain, Will++}
 21659 | D:14     | Reached XP level 15. HP: 72/108 MP: 17/18
 21852 | D:15     | Reached skill level 18 in Dodging
 22445 | D:15     | Found a staircase to the Depths.
 22918 | Orc:1    | Entered Level 1 of the Orcish Mines
 23116 | Orc:2    | Entered Level 2 of the Orcish Mines
 23182 | Orc:2    | Found a staircase to the Elven Halls.
 23259 | Orc:2    | Found a roughly hewn altar of Beogh.
 23747 | Orc:2    | Found a roughly hewn altar of Beogh.
 23748 | Orc:2    | Found Ihuamyha's Magic Scroll Shoppe.
 23798 | Orc:2    | Bought a scroll of enchant weapon for 97 gold pieces
 23798 | Orc:2    | Bought a scroll of identify for 26 gold pieces
 23798 | Orc:2    | Bought 3 scrolls of identify for 78 gold pieces
 23798 | Orc:2    | Bought a scroll of identify for 26 gold pieces
 23798 | Orc:2    | Bought a scroll of blinking for 97 gold pieces
 23798 | Orc:2    | Bought a scroll of teleportation for 39 gold pieces
 23798 | Orc:2    | Bought a scroll of enchant armour for 97 gold pieces
 23832 | Orc:2    | Found a roughly hewn altar of Beogh.
 23956 | Orc:2    | Found a roughly hewn altar of Beogh.
 23957 | Orc:2    | Found Xeylulo's Jewellery Boutique.
 24015 | Orc:2    | Bought the ring of Geoprar {rElec Will+ Str+6 Int+2} for
                  | 905 gold pieces
 24015 | Orc:2    | Bought a +4 ring of protection for 396 gold pieces
 24095 | Orc:2    | Noticed Saint Roka
 24111 | Orc:2    | Found Woxtu's Antique Weapon Boutique.
 24111 | Orc:2    | Found a roughly hewn altar of Beogh.
 24386 | Orc:2    | Killed Saint Roka
 24634 | Orc:2    | Found Zipui's Antique Armour Shop.
 25153 | D:4      | Bought the ring "Varyulon" {rF+ rC++ Str-4 Int+6 Dex+4} for
                  | 990 gold pieces
 26126 | Lair:1   | Entered Level 1 of the Lair of Beasts
 27066 | Lair:2   | Upgraded the game from 0.27-a0-406-g23f261fbd2 to
                  | 0.27-a0-412-g8dd771eca2
 27262 | Lair:2   | You fall into a shaft and drop 1 floor!
 27412 | Lair:3   | Found a staircase to the Shoals.
 27671 | Lair:3   | Reached skill level 15 in Stealth
 27769 | Lair:3   | Identified the ring "Basoc" {Str+3 Int+6} (You found it on
                  | level 3 of the Lair of Beasts)
 29268 | Lair:4   | Found a staircase to the Snake Pit.
 29286 | Lair:4   | Reached XP level 16. HP: 109/114 MP: 19/19
 30637 | Temple   | Bought a book of Ice for 845 gold pieces
 31005 | Lair:5   | Found a staircase to the Slime Pits.
 31180 | Lair:5   | Found a large runed translucent door.
 31184 | Lair:5   | Found a large runed translucent door.
 31188 | Lair:5   | Noticed Tynuabry's ghost (journeyman DECj)
 31280 | Lair:5   | Killed Tynuabry's ghost
 31283 | Lair:5   | Got a polished morningstar
 31417 | Lair:5   | Identified the +6 morningstar of the Sun {protect, +Inv
                  | MP+9} (You found it on level 5 of the Lair of Beasts)
 31420 | Lair:6   | Entered Level 6 of the Lair of Beasts
 31472 | Lair:6   | Reached skill level 5 in Spellcasting
 31742 | Lair:6   | Noticed Nessos
 31759 | Lair:6   | Killed Nessos
 32819 | Temple   | Bought the Reference Book on Harmful Orientation for 722
                  | gold pieces
 32824 | Temple   | Learned a level 4 spell: Manifold Assault
 32826 | Temple   | Learned a level 1 spell: Apportation
 32829 | Temple   | Learned a level 2 spell: Blink
 33024 | Shoals:1 | Entered Level 1 of the Shoals
 33105 | Shoals:1 | Reached skill level 1 in Translocations
 33279 | Shoals:1 | Found a large runed translucent door.
 33279 | Shoals:1 | Found a large runed translucent door.
 33283 | Shoals:1 | Noticed Xavori's ghost (adept OpCK)
 33869 | Shoals:1 | Killed Xavori's ghost
 33875 | Shoals:1 | Identified the Collected Works on the Frostbite and
                  | Necromancy
 33879 | Shoals:1 | Got a translucent hand crossbow
 34076 | Shoals:1 | Identified the +5 hand crossbow of the Slime-mould {venom,
                  | rC+ Will+ MP-9 Int+3} (You found it on level 1 of the
                  | Shoals)
 34085 | Shoals:2 | Reached XP level 17. HP: 112/119 MP: 30/30
 34143 | Shoals:2 | Found Usereabb's Weapon Shop.
 34312 | Shoals:2 | Reached skill level 5 in Translocations
 34357 | Shoals:2 | Found a frozen archway.
 34362 | IceCv    | Entered an ice cave
 35612 | IceCv    | Noticed an Ice Fiend
 35612 | IceCv    | Noticed an Ice Fiend
 35624 | IceCv    | HP: 4/119 [Ice Fiend (17)]
 35624 | IceCv    | Mangled by an Ice Fiend

Illustrated notes

Levels and vault maps discovered:
D:1:      scummos_arrival_forest, layout_basic
D:2:      layout_basic, nzn_hepliaklqana_mist_gate, grunt_qazlal_clouds
D:3:      layout_loops_cross, bh_walls_and_bars
D:4:      layout_basic, serial_shops, shop_fountains, minmay_goblin_outpost,
          uniq_robin
D:5:      layout_rooms, minmay_temple_entry_enclosed_plants, nrook_campfire,
          makhleb_heckhound_becter, uniq_edmund
D:6:      layout_rooms, kennysheep_mini, minmay_misc_feat_tiny
D:7:      layout_loops_corners, basic_altar, nrook_mini_backslash, uniq_harold,
          uniq_menkaure, uniq_joseph
D:8:      nzn_winding_woodlands_large [nzn_winding_woodlands_5x5_cross,
          nzn_winding_woodlands_5x15_split_checker,
          nzn_winding_woodlands_5x5_open_star,
          nzn_winding_woodlands_center_pierced_h,
          nzn_winding_woodlands_15x15_eel_pit,
          nzn_winding_woodlands_center_lodge,
          nzn_winding_woodlands_5x5_checkerboard,
          nzn_winding_woodlands_5x15_concentric,
          nzn_winding_woodlands_5x5_three], layout_basic,
          general_overflow_altar, minmay_manual_monstrance, uniq_erica
D:9:      layout_small_grid, amethyst_overflow_temple_binary
D:10:     layout_stronghold, lair_entry_dummy, muffindrake_ghost_dual_entry,
          nrook_uturn, uniq_snorg, uniq_gastronok, uniq_fannar, uniq_urug
D:11:     layout_basic, nrook_pool_corridor
D:12:     layout_roguey, orc_0_dummy, basic_altar, lemuel_nasty_fountain,
          uniq_jorgrun
D:13:     minmay_box_of_statues, layout_loops_ring, ebering_ghost_xom,
          mikee_hates_you
D:14:     layout_roguey, erik_vaults_1, dk_noncrumbling_2, enter_bailey_8,
          abandoned_shop, kennysheep_opposing_triangles
D:15:     gammafunk_enter_depths_forms, layout_small_grid,
          nicolae_ru_path_of_blood
Temple:   regret_index_temple_sphere_string
Lair:1:   minmay_lair_venomous_thicket, layout_loops_ring, lemuel_fruit_fields,
          grunt_megastairs_2, serial_bayou_shore_b
Lair:2:   layout_concentric_octagons
Lair:3:   layout_gridlike, minmay_shoals_entry_lonely_mermaid
Lair:4:   layout_cave_pods, guppyfry_snake_entry_island,
          cheibrodos_lair_caveside_slide, beast_lair_carwin_1
Lair:5:   layout_big_grid, minmay_slime_entry_pillars,
          ebering_ghost_disaster_area
Lair:6:   minmay_lair_end_frog_pond, layout_misc_corridors, minivault_19,
          uniq_nessos
Shoals:1: layout_shoals, ebering_ghost_disaster_area
Shoals:2: layout_shoals, serial_shops, nicolae_shop_competitors_out_of_business,
          portal_ice_cave_entry_pillars_2, nicolae_shoals_flooded_hall
Orc:1:    layout_caves
Orc:2:    grunt_orc_community_town_hall, layout_diamond_mine,
          grunt_orc_community_big_house_1, grunt_orc_community_big_house_1,
          grunt_orc_community_house_3, grunt_orc_community_house_3,
          grunt_orc_community_house_1, grunt_orc_community_house_1,
          grunt_orc_community_house_2, lightli_orcish_oven
IceCv:    ice_cave_small_demon

Skill      XL: |  1  2  3  4  5  6  7  8  9 10 11 12 13 14 15 16 17 |
---------------+----------------------------------------------------+-----
Stealth        | 2 4 5 10 11 16 17 | 17.1
Dodging        | 3 4 5 8 10 12 15 17 18 | 18.6
Fighting       | 2 4 5 9 11 12 | 12.0
Short Blades   | 4 6 9 10 | 10.0
Shields        | 4 |  4.2
Spellcasting   | 2 9 |  9.9
Translocations | 3 5 |  5.6
Evocations     | |  3.2

Action                   |  1- 3 |  4- 6 |  7- 9 | 10-12 | 13-15 | 16-18 || total
-------------------------+-------+-------+-------+-------+-------+-------++-------
Melee: Dagger            |    44 |    95 |   185 |   570 |  1088 |   683 ||  2665
       Tentacles         |    10 |    12 |    33 |   129 |   315 |   267 ||   766
       Constrict         |     9 |    21 |    41 |    90 |   174 |    92 ||   427
 Cast: Manifold Assault  |       |       |       |       |       |     2 ||     2
Invok: Call Merchant     |       |       |       |       |       |     3 ||     3
Evoke: Wand              |     3 |       |     6 |    11 |     1 |       ||    21
       Phantom mirror    |       |       |       |       |     1 |     1 ||     2
  Use: Potion            |     2 |       |       |     3 |     7 |     3 ||    15
       Scroll            |       |       |    11 |     6 |    14 |     6 ||    37
 Stab: Sleeping          |     5 |    19 |    22 |    22 |    79 |    25 ||   172
       Distracted        |       |     1 |     1 |     6 |    19 |     9 ||    36
Armor: Skin              |     4 |     2 |     8 |     2 |    14 |    15 ||    45
Dodge: Dodged            |    20 |    49 |    95 |   305 |   439 |   302 ||  1210
Block: Buckler           |       |       |       |    69 |   340 |   230 ||   639
       Reflection        |       |       |       |    14 |    13 |     6 ||    33

Table legend: (Time is in decaauts)
 A = Elapsed time spent in this place.
 B = Non-inter-level travel time spent in this place.
 C = Inter-level travel time spent in this place.
 D = Time resting spent in this place.
 E = Time spent auto-exploring this place.
 F = Levels seen in this place.
 G = Mean time per level.
                   A        B        C        D        E       F      G
               +--------+--------+--------+--------+--------+-----+--------+
         Total |  34547 |  30086 |   4461 |   5524 |  17036 |  28 | 1233.8 |
       Dungeon |  22913 |  19667 |   3246 |   3899 |  11336 |  15 | 1527.5 |
        Temple |    508 |    361 |    147 |    124 |    135 |   1 |  508.0 |
          Lair |   5810 |   5006 |    804 |      0 |   3771 |   6 |  968.3 |
        Shoals |   1249 |   1169 |     80 |    149 |    460 |   2 |  624.5 |
  Orcish Mines |   2526 |   2344 |    182 |    468 |   1096 |   2 | 1263.0 |
        Bailey |    335 |    335 |      0 |      0 |    188 |   1 |  335.0 |
      Ice Cave |   1203 |   1203 |      0 |    884 |     50 |   1 | 1203.0 |
               +--------+--------+--------+--------+--------+-----+--------+

Top non-repeatable levels by time:
    D:10: 2986 daAuts
     D:8: 2880 daAuts
    D:14: 1947 daAuts
   Orc:2: 1846 daAuts
    D:13: 1775 daAuts
     D:7: 1515 daAuts
    D:12: 1461 daAuts
  Lair:4: 1408 daAuts
     D:6: 1383 daAuts
    D:11: 1248 daAuts
    D:15: 1234 daAuts
     D:1: 1212 daAuts
   IceCv: 1203 daAuts
     D:4: 1181 daAuts
     D:9: 1097 daAuts
